 Dungeon Crawl Stone Soup version 0.25-a0-201-g0bb11aece9 (webtiles) character file.

Game seed: 12580457573646434391, levelgen mode: deterministic

2784 MisterFreud the Nimble (level 9, -4/62 HPs)
             Began as an Octopode Artificer on Dec 2, 2019.
             Was a Believer of Cheibriados.
             Slain by Erica
             ... wielding a +4 scimitar of flaming
              (17 damage)
             ... on level 8 of the Dungeon.
             The game lasted 00:13:44 (7416 turns).

MisterFreud the Nimble (Octopode Artificer)         Turns: 7416, Time: 00:13:45

Health: -4/62      AC:  4    Str: 16    XL:     9   Next: 70%
Magic:  21/21      EV: 20    Int: 24    God:    Cheibriados [**....]
Gold:   363        SH:  0    Dex: 16    Spells: 8/8 levels left

rFire    . . .     SeeInvis .   H - +2 rapier (elec)
rCold    . . .     Gourm    .   (no shield)
rNeg     + . .     Faith    .   (helmet restricted)
rPois    .         Spirit   .   (no amulet)
rElec    .         Reflect  .   o - ring of magical power
rCorr    .         Harm     .   y - ring of wizardry
MR       .....                  B - ring of positive energy
Stlth    +++.......             D - +4 ring of intelligence
HPRegen  0.20/turn              (no ring)
MPRegen  0.17/turn              I - +3 ring of protection
                                (no ring)
                                (no ring)

@: about to teleport, very slow
A: almost no armour, stealthy swim, amphibious, 8 rings, constrict 8, camouflage
1, gelatinous body 1
a: Bend Time, Renounce Religion


You were on level 8 of the Dungeon.
You worshipped Cheibriados.
Cheibriados was pleased with you.
You were not hungry.

You visited 2 branches of the dungeon, and saw 9 of its levels.
You also visited: Ossuary.

You collected 363 gold pieces.

Inventory:

Hand Weapons
 n - a +0 morningstar
 H - a +2 rapier of electrocution (weapon)
Missiles
 a - 3 javelins
 e - 147 stones (quivered)
 l - 118 arrows
 m - 9 boomerangs
 p - 50 poisoned darts
 q - 7 curare-tipped darts
 s - 34 sling bullets
 t - 34 bolts
 G - 2 atropa-tipped darts
Jewellery
 o - a ring of magical power (left tentacle)
 y - a ring of wizardry (right tentacle)
 B - a ring of positive energy (on tentacle)
 D - a +4 ring of intelligence (on tentacle)
 E - an uncursed ring of fire
 I - a +3 ring of protection (on tentacle)
Wands
 b - a wand of flame (23)
 c - a wand of enslavement (15)
 v - a wand of paralysis (3)
 J - a wand of acid (7)
Scrolls
 g - 7 scrolls of remove curse
 u - a scroll of enchant armour
 w - 4 scrolls of teleportation
 x - a scroll of fear
Potions
 d - a potion of magic {unknown}
 h - 2 potions of mutation
 i - a potion of experience {unknown}
 j - 6 potions of flight
 k - 2 potions of brilliance
 A - a potion of invisibility
 C - a potion of lignification
 F - a potion of might
 K - 3 potions of curing
Comestibles
 f - 16 rations
 r - 13 chunks of flesh


   Skills:
 - Level 6.0 Fighting
 - Level 1.0 Short Blades
 + Level 10.1 Dodging
 - Level 1.3 Stealth
 + Level 4.7 Invocations
 - Level 5.2 Evocations


You had 8 spell levels left.
You didn't know any spells.
Your spell library was empty.

Dungeon Overview and Level Annotations

Branches:
Dungeon (8/15)             Temple (1/1) D:6         Ossuary (visited)
   Lair: D:8-11

Altars:
Ashenzari
Cheibriados
Dithmenos
Elyvilon
Makhleb
Okawaru
Sif Muna
Trog
Uskayaw
Vehumet
Wu Jian
Xom
Zin
The Shining One

Annotations:
D:6 Prince Ribbit
D:8 Erica


Innate Abilities, Weirdness & Mutations

You cannot wear most types of armour.
You are very stealthy in the water. (Stealth+)
You are amphibious.
You can wear up to eight rings at the same time.
You can use your tentacles to constrict eight enemies at once.
Your skin changes colour to match your surroundings (Stealth+).
Your rubbery body absorbs attacks. (AC +1, EV +1)


Message History

The burst of metal fragments misses you.
A burst of metal fragments appears from out of thin air!
The burst of metal fragments misses you.
The burst of metal fragments hits the killer bee!
A burst of metal fragments appears from out of thin air!
The burst of metal fragments misses you.
A burst of metal fragments appears from out of thin air!
The burst of metal fragments misses you.
A burst of metal fragments appears from out of thin air!
The burst of metal fragments hits you.
* * * LOW HITPOINT WARNING * * *
A burst of metal fragments appears from out of thin air!
The burst of metal fragments misses you.
A burst of metal fragments appears from out of thin air!
The burst of metal fragments misses you.
The killer bee is heavily wounded.
You hear an angry buzzing noise.
As you read the scroll of teleportation, it crumbles to dust.
You feel strangely unstable. Something hits you!
You die...

#.###.##.#
#........#
#####.#### ##)##
##.).## ##.....##
##.......##
...####.........##
..a..y'@........'#
...####.).......##
##.......##
##.....## ##...##
##'## #.# #.# #?#


You could see a worker ant and a killer bee.

Vanquished Creatures
  Joseph (D:7)
  Eustachio (D:6)
  A sky beast (D:5)
  2 black bears
  An ice beast (D:7)
  3 ogres
  4 centaurs
  2 bullfrogs (D:7)
  A gnoll sergeant (D:8)
  3 scorpions (D:5)
  A howler monkey (D:4)
  2 crimson imps
  4 hounds
  A jelly (D:6)
  2 orc wizards
  A centaur skeleton (D:7)
  3 iguanas
  7 worker ants
  A big kobold zombie (Ossuary)
  A hound skeleton (D:6)
  4 mummies (Ossuary)
  4 gnolls
  14 adders
  A shadow imp (D:8)
  2 oozes (D:2)
  An adder zombie (D:8)
  2 adder skeletons
  A worm (D:2)
  5 dart slugs
  8 leopard geckos
  25 orcs
  9 bats
  9 giant cockroaches
  A gnoll zombie (Ossuary)
  9 hobgoblins
  12 jackals
  3 quokkas
  4 ball pythons
  A ball python skeleton (D:6)
  5 frilled lizards
  7 goblins
  A goblin zombie (Ossuary)
  2 hobgoblin zombies (Ossuary)
  A jackal skeleton (D:4)
  9 kobolds
  A kobold zombie (Ossuary)
  2 orc zombies (Ossuary)
  A quokka zombie (D:5)
  3 rats
189 creatures vanquished.

Notes
Turn   | Place    | Note
-------+----------+-------------------------------------------
     0 | D:1      | MisterFreud the Octopode Artificer began the quest for the
                  | Orb.
     0 | D:1      | Reached XP level 1. HP: 13/13 MP: 3/3
   158 | D:1      | Reached XP level 2. HP: 3/19 MP: 4/4
  1032 | D:2      | Found a hide-covered altar of Uskayaw.
  1096 | D:2      | Found an iron altar of Okawaru.
  1108 | D:2      | Reached XP level 3. HP: 21/25 MP: 5/5
  1136 | D:2      | Found an ornate altar of the Wu Jian Council.
  1224 | D:2      | HP: 1/26 [ooze (4)]
  1526 | D:2      | Reached XP level 4. HP: 23/33 MP: 6/6
  1767 | D:2      | Found a glowing golden altar of the Shining One.
  2291 | D:3      | Reached skill level 3 in Dodging
  2297 | D:3      | Reached XP level 5. HP: 31/37 MP: 7/7
  2451 | D:3      | Found a glowing drain.
  3007 | D:4      | Reached skill level 4 in Dodging
  3013 | D:4      | Reached XP level 6. HP: 10/43 MP: 8/8
  3317 | D:4      | Reached skill level 5 in Dodging
  3325 | D:5      | Entered Level 5 of the Dungeon
  3558 | D:5      | Reached skill level 6 in Dodging
  3558 | D:5      | Reached XP level 7. HP: 45/48 MP: 9/9
  4294 | D:5      | Reached skill level 5 in Fighting
  4294 | D:5      | Reached XP level 8. HP: 32/55 MP: 11/11
  5196 | D:6      | Noticed Eustachio
  5219 | D:6      | Killed Eustachio
  5219 | D:6      | Reached skill level 7 in Dodging
  5219 | D:6      | Reached skill level 5 in Evocations
  5428 | D:6      | Found a staircase to the Ecumenical Temple.
  5451 | Temple   | Entered the Ecumenical Temple
  5564 | Temple   | Became a worshipper of Cheibriados the Contemplative
  5721 | D:6      | Noticed Prince Ribbit
  5977 | D:6      | Found a shimmering altar of Xom.
  6031 | D:7      | Reached skill level 8 in Dodging
  6088 | D:7      | Noticed Joseph
  6089 | D:7      | Reached * piety under Cheibriados
  6094 | D:7      | Reached XP level 9. HP: 25/62 MP: 12/12
  6094 | D:7      | HP: 3/62 [orc/+0 flail of protection (5)]
  6106 | D:7      | Killed Joseph
  6106 | D:7      | Reached skill level 9 in Dodging
  6111 | D:7      | HP: 1/62 [centaur (8)]
  6115 | D:7      | Reached skill level 10 in Dodging
  6118 | D:7      | HP: 2/62 [orc/+0 whip (2)]
  6290 | D:7      | Found a sand-covered staircase.
  6302 | Ossuary  | Entered an ossuary
  6370 | Ossuary  | Reached skill level 1 in Invocations
  6639 | D:7      | Found a burning altar of Makhleb.
  6642 | D:7      | Found a shadowy altar of Dithmenos.
  6647 | D:7      | Found a bloodstained altar of Trog.
  6684 | D:7      | Found a radiant altar of Vehumet.
  7007 | D:8      | Reached ** piety under Cheibriados
  7403 | D:8      | Noticed Erica
  7416 | D:8      | Slain by Erica

Levels and vault maps discovered:
D:1:      roderic_crop_circles_arrival_small, layout_loops_ring,
          corexii_corridor_pit, minmay_misc_feat_cross, nrook_campfire
D:2:      minmay_recursive_quarters, layout_loops_ring, tso_metal_star,
          eat_drink_and_be_merry_uskayaw, lemuel_doored_altar,
          okawaru_ov_weapons_minmay
D:3:      layout_basic, portal_sewer_entry_f, minmay_hedge_maze
D:4:      layout_cave_pools, kennysheep_flooded_box
D:5:      layout_layer_cave, first_ration
D:6:      layout_loops_cross, lemuel_coloured_pillars_altar,
          minmay_temple_entry_slanted, uniq_eustachio, uniq_prince_ribbit1
D:7:      layout_loops_ring, grunt_temple_overflow_open,
          nicolae_overflow_crystal_walls, chequers_ossuary_entry_cave,
          uniq_joseph
D:8:      layout_loops_corners, lemuel_round_altar, uniq_psyche, uniq_erica
Temple:   nicolae_temple_figure_eight

Skill      XL: |  1  2  3  4  5  6  7  8  9 |
---------------+----------------------------+-----
Fighting       | 2 3 4 5 6 |  6.0
Dodging        | 3 4 6 8 10 | 10.1
Evocations     | 4 5 |  5.2
Invocations    | 4 |  4.7
Short Blades   | |  1.0
Stealth        | |  1.3

Action                   |  1- 3 |  4- 6 |  7- 9 || total
-------------------------+-------+-------+-------++-------
Melee: Short sword       |    67 |   142 |    19 ||   228
       Constrict         |    18 |    47 |    52 ||   117
       Tentacles         |     9 |    30 |    50 ||    89
       Morningstar       |       |       |    74 ||    74
       Rapier            |       |       |   137 ||   137
Evoke: Wand              |     1 |     3 |    17 ||    21
  Use: Scroll            |     3 |    12 |     9 ||    24
       Potion            |     1 |     3 |     4 ||     8
 Stab: Sleeping          |     7 |     8 |     8 ||    23
       Paralysed         |       |       |     4 ||     4
  Eat: Chunk             |     1 |     7 |     8 ||    16
       Ration            |       |       |     1 ||     1
Armor: Skin              |    15 |    10 |    11 ||    36
Dodge: Dodged            |    47 |   107 |   252 ||   406

Table legend:
 A = Non-vault XP
 B = Vault XP
 C = Vault XP percentage of total XP
 D = Non-vault monster count
 E = Vault monster count
 F = Vault count percentage of total count
                 A         B        C        D         E       F
            +---------+---------+-------+---------+---------+-------
      Total |    3110 |     868 |  21.8 |     158 |      31 |  16.4
            +---------+---------+-------+---------+---------+-------
        D:1 |      32 |       0 |   0.0 |      19 |       0 |   0.0
        D:2 |      58 |      53 |  47.7 |      16 |      11 |  40.7
        D:3 |      86 |      16 |  15.7 |      28 |       6 |  17.6
        D:4 |     153 |       0 |   0.0 |      12 |       0 |   0.0
        D:5 |     873 |       0 |   0.0 |      23 |       0 |   0.0
        D:6 |     436 |     208 |  32.3 |      26 |       1 |   3.7
        D:7 |     801 |     486 |  37.8 |      22 |       1 |   4.3
        D:8 |     671 |       0 |   0.0 |      12 |       0 |   0.0
    Ossuary |       0 |     105 | 100.0 |       0 |      12 | 100.0
            +---------+---------+-------+---------+---------+-------
